 Dungeon Crawl Stone Soup version 0.28-a0-1038-g9c4cb8273d (webtiles) character file.

Game seed: 16343693771082158090

3382 siradein the Skirmisher (level 9, 0/79 HPs)
             Began as a Yellow Draconian Fighter on Dec 8, 2021.
             Was a Follower of Yredelemnul.
             Killed from afar by an electric eel (4 damage)
             ... with a bolt of electricity
             ... on level 8 of the Dungeon.
             The game lasted 00:25:05 (9512 turns).

siradein the Skirmisher (Yellow Draconian Fighter)  Turns: 9512, Time: 00:25:07

Health: 0/79       AC:  8    Str: 22    XL:     9   Next: 74%
Magic:  12/13      EV: 14    Int:  9    God:    Yredelemnul [*.....]
Gold:   498        SH:  5    Dex: 11    Spells: 8/8 levels left

rFire   . . .      SeeInvis .   a - +0 flail
rCold   . . .      Faith    .   b - +0 buckler
rNeg    + . .      Spirit   .   (armour unavailable)
rPois   +          Reflect  .   (helmet restricted)
rElec   .          Harm     .   (no cloak)
rCorr   +          Rampage  .   (no gloves)
Will    .....                   A - +0 pair of boots
Stlth   +.........              (no amulet)
HPRegen 0.23/turn               h - ring of poison resistance
MPRegen 0.13/turn               i - ring of positive energy

@: lit by a corona, glowing
A: spit acid, AC +7, unfitting armour, cold-blooded, acid resistance
a: Breathe Acid, Renounce Religion, Animate Remains


You were on level 8 of the Dungeon.
You worshipped Yredelemnul.
Yredelemnul was aware of your devotion.
You visited 2 branches of the dungeon, and saw 9 of its levels.
You also visited: Sewer.

You collected 556 gold pieces.
You spent 58 gold pieces at shops.

Inventory:

Hand Weapons
 a - a +0 flail (weapon)
Missiles
 g - 5 curare-tipped darts
 r - 75 poisoned darts
Armour
 b - a +0 buckler (worn)
 A - a +0 pair of boots (worn)
Jewellery
 h - a ring of poison resistance (left hand)
 i - a ring of positive energy (right hand)
 j - a ring of ice
Wands
 o - a wand of paralysis (9)
 s - a wand of flame (9)
Scrolls
 d - 2 scrolls of teleportation
 f - a scroll of acquirement
 k - a scroll of enchant weapon
 n - a scroll of immolation
 q - a scroll of silence {unknown}
 v - 3 scrolls of magic mapping {unknown}
 x - a scroll of fear {unknown}
 y - 2 scrolls of blinking {unknown}
Potions
 c - 3 potions of might
 e - 4 potions of heal wounds
 l - a potion of invisibility
 m - a potion of degeneration {unknown}
 p - 2 potions of curing {unknown}
 t - 4 potions of magic
 u - a potion of cancellation {unknown}
 w - a potion of flight {unknown}
 z - 2 potions of brilliance {unknown}
 B - a potion of mutation {unknown}


   Skills:
 + Level 7.2 Fighting
 + Level 6.0 Maces & Flails
 + Level 6.0 Dodging
 + Level 6.5 Shields
 + Level 5.4 Invocations
 + Level 5.4 Evocations


You had 8 spell levels left.
You didn't know any spells.
Your spell library contained the following spells:

 Spells                   Type           Power      Damage    Failure   Level
 Sting                    Tmut/Pois      0%         1d3       38%         1
 Poisonous Vapours        Pois/Air       0%         N/A       52%         2
 Olgreb's Toxic Radiance  Pois           0%         N/A       99%         4


Dungeon Overview and Level Annotations

Branches:
Dungeon (8/15)             Temple (1/1) D:4           Sewer (visited)
   Lair: D:8-11

Altars:
Ashenzari
Cheibriados
Dithmenos
Elyvilon
Fedhas
Hepliaklqana
Makhleb
Nemelex Xobeh
Okawaru
Qazlal
Ru
Sif Muna
Vehumet
Wu Jian
Xom
Yredelemnul
Zin
The Shining One

Shops:
D:5 ([

Portals:
Abyss: D:7

Annotations:
D:3 3 runed translucent doors, DrKleor's ghost, amateur DsFi
D:7 2 transporters, ytrimaz's ghost, novice FeCK


Innate Abilities, Weirdness & Mutations

You can spit globs of acid.
Your golden yellow scales are hard. (AC +7)
You cannot fit into any form of body armour.
You are cold-blooded and may be slowed by cold attacks.
You are resistant to acid. (rCorr)


Message History

t - Shout!
Orders for allies: a - Attack new target. r - Retreat! s - Stop attacking. g - Guard the area. f - Follow me.
Anything else - Cancel.
Gang up on whom?
Press: ? - help, Dir - move target, f - electric eel
Aim: an electric eel (ally target) Attack!
The electric eel shoots out a bolt of lightning at you!
The bolt of electricity hits your steam dragon zombie!
The bolt of electricity hits you!
The electric eel shoots out a bolt of lightning at you!
The bolt of electricity hits you.
The electric eel shoots out a bolt of lightning at you!
The bolt of electricity hits you!
The electric eel shoots out a bolt of lightning at you!
The bolt of electricity misses you.
The electric eel shoots out a bolt of lightning at you!
The bolt of electricity hits the electric eel.
The electric eel completely resists.
The bolt of electricity hits you!
* * * LOW HITPOINT WARNING * * *
The electric eel shoots out a bolt of lightning at you!
The bolt of electricity hits you!
* * * LOW HITPOINT WARNING * * *
You have got your breath back.
Your steam dragon zombie closely misses the electric eel.
Your steam dragon zombie barely misses the electric eel.
Your steam dragon zombie misses the electric eel.
Your steam dragon zombie completely misses the electric eel.
The electric eel shoots out a bolt of lightning at you!
The bolt of electricity hits you!
* * * LOW HITPOINT WARNING * * *
The electric eel shoots out a bolt of lightning at you!
The bolt of electricity hits you.
* * * LOW HITPOINT WARNING * * *
The electric eel shoots out a bolt of lightning at you!
The bolt of electricity hits you.
You die...
Your body rises from the dead as a mindless zombie.

##.≈≈≈≈.≈≈
#..≈≈≈≈.≈≈
#..SS≈≈...
#...Z....≈
#..≈≈≈≈≈.≈
#..≈≈≈≈≈.≈
##..≈≈≈≈≈.≈
#######...≈Z≈≈≈.≈≈≈
#.....@.#..........
#.#######)##.#..#.#
#.# ....#.# #.#
#..#.# #.#
#..#.#####
#[####.........
#.(.##..#.# .#
#.#.##..#.##.#
#.#..........#


You could see 2 electric eels, a friendly steam dragon zombie and a friendly
gnoll zombie.

Vanquished Creatures
  2 steam dragons
  3 yaks (D:8)
  Menkaure (D:6)
  2 water moccasins
  3 black bears
  A hornet zombie (D:7)
  3 ice beasts
  3 centaurs
  3 kobold brigands
  4 scorpions
  A water moccasin skeleton (D:4)
  5 wights
  2 bullfrog zombies
  3 hounds
  2 centaur zombies
  2 centaur skeletons
  3 orc priests (D:7)
  A bullfrog skeleton (D:6)
  A gnoll shaman (D:8)
  Jessica (D:3)
  Natasha (D:3)
  An orc wizard (D:7)
  3 iguanas
  8 gnolls
  3 adders
  3 river rats
  A shadow imp (D:7)
  An adder skeleton (D:4)
  2 dart slugs
  11 orcs
  6 ball pythons
  8 bats
  5 endoplasms
  2 giant cockroaches
  3 goblins
  7 hobgoblins
  6 jackals
  19 kobolds
  5 quokkas
  8 frilled lizards
  8 rats
157 creatures vanquished.

Vanquished Creatures (collateral kills)
  An orc (D:7)
1 creature vanquished.

Vanquished Creatures (others)
  A scorpion zombie (D:7)
  4 kobold zombies
  An orc zombie (D:8)
  A water moccasin zombie (D:7)
7 creatures vanquished.

Grand Total: 165 creatures vanquished

Notes
Turn   | Place    | Note
-------+----------+-------------------------------------------
     0 | D:1      | siradein the Draconian Fighter began the quest for the Orb.
     0 | D:1      | Reached XP level 1. HP: 19/19 MP: 1/1
    39 | D:1      | Found a faded altar of an unknown god.
   297 | D:1      | Reached XP level 2. HP: 26/26 MP: 2/2
   486 | D:1      | You fall into a shaft and drop 1 floor!
  1122 | D:2      | Reached XP level 3. HP: 31/33 MP: 3/3
  1596 | D:3      | Noticed DrKleor's ghost (amateur DsFi)
  1659 | D:3      | Found a runed translucent gate.
  1659 | D:3      | Found a runed translucent gate.
  1659 | D:3      | Found a runed translucent gate.
  1732 | D:3      | Found a glowing golden altar of the Shining One.
  1977 | D:3      | Noticed Jessica
  1990 | D:3      | Killed Jessica
  1991 | D:3      | Reached XP level 4. HP: 25/40 MP: 4/4
  2440 | D:4      | Noticed Natasha
  2450 | D:4      | Reached skill level 4 in Fighting
  2451 | D:4      | Reached skill level 1 in Evocations
  2461 | D:3      | Killed Natasha
  2513 | D:4      | Reached XP level 5. HP: 43/46 MP: 5/5
  2517 | D:4      | Found a glowing drain.
  2524 | Sewer    | Entered a sewer
  3468 | D:4      | Reached XP level 6. HP: 51/53 MP: 6/6
  3715 | D:4      | Found a staircase to the Ecumenical Temple.
  3720 | Temple   | Entered the Ecumenical Temple
  3853 | Temple   | Became a worshipper of Yredelemnul the Dark
  4198 | D:5      | Entered Level 5 of the Dungeon
  4350 | D:5      | Reached skill level 1 in Invocations
  4635 | D:5      | Found Talerour's Antique Weapon Boutique.
  4817 | D:5      | Noticed a water moccasin
  4829 | D:5      | Killed a water moccasin
  4830 | D:5      | Your scales start taking on a golden yellow colour.
  4830 | D:5      | Reached XP level 7. HP: 25/60 MP: 6/8
  4830 | D:5      | Gained mutation: You are resistant to acid. (rCorr) [Yellow
                  | Draconian growth]
  5093 | D:5      | Reached skill level 5 in Fighting
  5399 | D:5      | Found Zac Osk's Armour Emporium.
  5404 | D:5      | Bought a +0 pair of boots for 58 gold pieces
  5713 | D:6      | Identified a scroll of acquirement
  5899 | D:6      | Reached skill level 5 in Shields
  6045 | D:6      | Reached XP level 8. HP: 63/69 MP: 10/10
  6612 | D:6      | Reached skill level 6 in Fighting
  6653 | D:6      | Noticed Menkaure
  6660 | D:6      | Killed Menkaure
  6661 | D:6      | Reached skill level 5 in Dodging
  7160 | D:7      | Reached skill level 5 in Maces & Flails
  7163 | D:6      | Reached * piety under Yredelemnul
  7482 | D:7      | Reached XP level 9. HP: 67/77 MP: 12/12
  8735 | D:7      | Found a transporter.
  8742 | D:7      | Found a one-way gate to the infinite horrors of the Abyss.
  8742 | D:7      | Noticed ytrimaz's ghost (novice FeCK)
  8747 | D:7      | Found a transporter.
  8966 | D:8      | Reached skill level 5 in Evocations
  9043 | D:8      | Reached skill level 5 in Invocations
  9058 | D:8      | Reached skill level 7 in Fighting
  9512 | D:8      | Killed from afar by an electric eel

Illustrated notes

Levels and vault maps discovered:
D:1:      dpeg_arrival_refuge, layout_loops_ring,
          chequers_ecumenical_altar_simple_redux
D:2:      minmay_evil_eye, layout_basic, grunt_ministairs_3, minmay_circle_x
D:3:      layout_loops_ring, mainiacjoe_overflow_24_doors, gammafunk_ghost_icy,
          uniq_jessica
D:4:      nicolae_cairo_tiling, layout_loops_ring, temple_doors_ab,
          gup_sewer_entry_bubbles, uniq_natasha
D:5:      layout_basic, serial_shops, shop_coins, shop_statue
D:6:      layout_basic, kennysheep_path_1, uniq_menkaure
D:7:      layout_rooms, gammafunk_ghost_abyssal_escape
D:8:      layout_loops_ring, minivault_14, uniq_prince_ribbit1
Temple:   mainiacjoe_temple_hex_bubbles

Skill      XL: |  1  2  3  4  5  6  7  8  9 |
---------------+----------------------------+-----
Dodging        | 3 4 5 6 |  6.0
Fighting       | 4 5 6 7 |  7.2
Evocations     | 1 2 3 4 5 |  5.4
Maces & Flails | 3 4 5 6 |  6.0
Shields        | 4 5 6 |  6.5
Invocations    | 1 2 4 5 |  5.4

Action                   |  1- 3 |  4- 6 |  7- 9 || total
-------------------------+-------+-------+-------++-------
Melee: Flail             |   133 |   167 |   238 ||   538
       Tailslap          |    10 |     9 |    38 ||    57
Throw: Dart              |       |     9 |     2 ||    11
Invok: Animate Remains   |       |       |    12 ||    12
 Abil: Breathe Acid      |       |       |    33 ||    33
Evoke: Wand              |       |       |     4 ||     4
  Use: Scroll            |       |     4 |     4 ||     8
Armor: Skin              |    60 |    40 |    81 ||   181
Dodge: Dodged            |    93 |   108 |   158 ||   359
Block: Buckler           |    41 |    35 |    62 ||   138

Table legend: (Time is in decaauts)
 A = Elapsed time spent in this place.
 B = Non-inter-level travel time spent in this place.
 C = Inter-level travel time spent in this place.
 D = Time resting spent in this place.
 E = Time spent auto-exploring this place.
 F = Levels seen in this place.
 G = Mean time per level.
                   A        B        C        D        E       F      G
               +--------+--------+--------+--------+--------+-----+--------+
         Total |   9705 |   9527 |    178 |   1055 |   6996 |  10 |  970.5 |
       Dungeon |   9050 |   8890 |    160 |   1055 |   6489 |   8 | 1131.2 |
        Temple |    151 |    133 |     18 |      0 |    127 |   1 |  151.0 |
         Sewer |    503 |    503 |      0 |      0 |    380 |   1 |  503.0 |
               +--------+--------+--------+--------+--------+-----+--------+

Top non-repeatable levels by time:
     D:6: 2407 daAuts
     D:5: 1512 daAuts
     D:4: 1198 daAuts
     D:3: 1054 daAuts
     D:7: 859 daAuts
     D:1: 772 daAuts
     D:2: 662 daAuts
     D:8: 582 daAuts
   Sewer: 503 daAuts
  Temple: 151 daAuts
